 Dungeon Crawl Stone Soup version 0.27-a0-223-ge082b6e869 (webtiles) character file.

Game seed: 5469878215068133688

258 HoaS the Shield-Bearer (level 6, -5/47 HPs)
             Began as a Formicid Fighter on Feb 1, 2021.
             Was an Initiate of Okawaru.
             Slain by an orc warrior
             ... wielding a +0 dire flail
              (16 damage)
             ... on level 3 of the Dungeon.
             The game lasted 00:05:03 (1921 turns).

HoaS the Shield-Bearer (Formicid Fighter)           Turns: 1921, Time: 00:05:04

Health: -5/47      AC:  6    Str: 22    XL:     6   Next: 40%
Magic:  7/7        EV:  8    Int:  7    God:    Okawaru [......]
Gold:   132        SH: 10    Dex: 11    Spells: 5/5 levels left

rFire    . . .     SeeInvis +   a - +0 quarterstaff
rCold    . . .     Faith    .   c - +0 kite shield
rNeg     . . .     Spirit   .   b - +0 scale mail
rPois    .         Reflect  .   (helmet unavailable)
rElec    .         Harm     .   (no cloak)
rCorr    .         Rampage  .   (no gloves)
Will     .....                  (no boots)
Stlth    ..........             (no amulet)
HPRegen  0.15/turn              (no ring)
MPRegen  0.10/turn              (no ring)

@: mighty
A: permanent stasis, dig shafts and tunnels, four strong arms, antennae 3
a: Dig, Shaft Self, Renounce Religion


You were on level 3 of the Dungeon.
You worshipped Okawaru.
Okawaru was noncommittal.
You visited 1 branch of the dungeon, and saw 3 of its levels.

You collected 132 gold pieces.

Inventory:

Hand Weapons
 a - a +0 quarterstaff (weapon)
Armour
 b - a +0 scale mail (worn)
 c - a +0 kite shield (worn)
Scrolls
 e - 3 scrolls of remove curse
 f - a scroll of fog
 g - a scroll of fear
 h - 6 scrolls of identify
Potions
 d - a potion of might
 j - a potion of curing


   Skills:
 - Level 3.2 Fighting
 * Level 5.1 Staves
 - Level 3.2 Armour
 + Level 5.3 Shields
 + Level 1.4 Invocations


You had 5 spell levels left.
You didn't know any spells.
Your spell library contained the following spells:

 Spells                   Type           Power        Failure   Level
 Magic Dart               Conj           0%           95%         1
 Call Imp                 Summ           0%           99%         2
 Slow                     Hex            0%           99%         2
 Conjure Flame            Conj/Fire      0%           100%        3
 Mephitic Cloud           Conj/Pois/Air  0%           100%        3
 Blink                    Tloc           Unusable     N/A         2

Dungeon Overview and Level Annotations

Branches:
Dungeon (3/15)

Altars:
Okawaru


Innate Abilities, Weirdness & Mutations

You cannot be hasted, slowed, berserked, paralysed or teleported.
You can dig through walls and to a lower floor.
Your four strong arms can wield two-handed weapons with a shield.
You have a pair of large antennae on your head. (SInv)


Message History

An orc warrior comes into view. It is wielding a +0 dire flail.
The orc warrior shouts!
You hear a shout!
An orc priest comes into view. It is wielding a +0 dagger.
An orc comes into view. It is wielding a +0 club.
The orc priest mumbles some strange prayers to Beogh against you.
Beogh smites you!
The orc priest miscasts a cantrip.
Items here: ( )))))) [[[ ††††††††††.
You feel better.
You feel very mighty all of a sudden. You block the orc warrior's attack.
Okay, then.
You sock the orc warrior!
The orc warrior is moderately wounded.
The orc warrior hits you with a +0 dire flail!
* * * LOW HITPOINT WARNING * * *
You closely miss the orc warrior.
The orc warrior is moderately wounded.
The orc warrior hits you with a +0 dire flail!
You die...

#hh.......
#.###'#### #..##.#
##.##.#
#####o(#.##
#......o..#####
###....o....#....
##o#..{{.....#.##.
#@#{{.....).......
##########.>......
######....###†##
#.........#<....
#.........##.###
#....=....+..#
#.........####
######....# #....#


You could see an orc warrior.

Vanquished Creatures
  An orc wizard (D:3)
  Natasha (thrice) (D:2)
  5 gnolls
  An adder (D:3)
  2 oozes (D:2)
  A worm (D:2)
  A dart slug (D:2)
  A leopard gecko (D:3)
  6 orcs
  8 bats
  2 giant cockroaches
  8 goblins
  14 hobgoblins
  14 jackals
  A frilled lizard (D:1)
  5 kobolds (D:1)
  5 rats
78 creatures vanquished.

Notes
Turn   | Place    | Note
-------+----------+-------------------------------------------
     0 | D:1      | HoaS the Formicid Fighter began the quest for the Orb.
     0 | D:1      | Reached XP level 1. HP: 18/18 MP: 1/1
    98 | D:1      | Reached XP level 2. HP: 18/24 MP: 2/2
   315 | D:1      | Reached XP level 3. HP: 29/29 MP: 3/3
   776 | D:2      | Noticed Natasha
   884 | D:2      | Killed Natasha
   885 | D:2      | Reached XP level 4. HP: 10/35 MP: 4/4
  1330 | D:2      | Noticed Natasha
  1342 | D:2      | Killed Natasha
  1343 | D:2      | Reached XP level 5. HP: 25/41 MP: 5/5
  1447 | D:2      | Noticed Natasha
  1454 | D:2      | Killed Natasha
  1654 | D:2      | Reached skill level 5 in Shields
  1678 | D:2      | Found an iron altar of Okawaru.
  1686 | D:2      | Became a worshipper of Warmaster Okawaru
  1775 | D:3      | Reached XP level 6. HP: 41/47 MP: 6/6
  1824 | D:3      | Reached skill level 1 in Invocations
  1849 | D:3      | Reached skill level 5 in Staves
  1913 | D:3      | Noticed an orc warrior
  1921 | D:3      | Slain by an orc warrior

Illustrated notes

Levels and vault maps discovered:
D:1:      saegor_arrival_simple_e, layout_loops_ring, minmay_hexomino_c4
D:2:      layout_rooms, okawaru_altar_gauntlet_db, uniq_natasha
D:3:      layout_basic, grunt_qazlal_sundering, uniq_terence

Skill      XL: |  1  2  3  4  5  6 |
---------------+-------------------+-----
Shields        | 4 5 |  5.3
Staves         | 3 4 5 |  5.1
Invocations    | 1 |  1.4
Fighting       | |  3.2
Armour         | |  3.2

Action                   |  1- 3 |  4- 6 || total
-------------------------+-------+-------++-------
Melee: Quarterstaff      |    90 |   159 ||   249
 Abil: Dig               |       |     2 ||     2
  Use: Scroll            |     5 |     2 ||     7
       Potion            |       |     2 ||     2
Armor: Scale mail        |    25 |    40 ||    65
Dodge: Dodged            |    29 |    41 ||    70
Block: Kite shield       |    45 |    83 ||   128

Table legend: (Time is in decaauts)
 A = Elapsed time spent in this place.
 B = Non-inter-level travel time spent in this place.
 C = Inter-level travel time spent in this place.
 D = Time resting spent in this place.
 E = Time spent auto-exploring this place.
 F = Levels seen in this place.
 G = Mean time per level.
                   A        B        C        D        E       F      G
               +--------+--------+--------+--------+--------+-----+--------+
         Total |   1990 |   1938 |     52 |    530 |    822 |   3 |  663.3 |
       Dungeon |   1990 |   1938 |     52 |    530 |    822 |   3 |  663.3 |
               +--------+--------+--------+--------+--------+-----+--------+

Top non-repeatable levels by time:
     D:2: 1012 daAuts
     D:1: 754 daAuts
     D:3: 223 daAuts
